 Dungeon Crawl Stone Soup version 0.27.1-33-g824d729ab1 (webtiles) character file.

Game seed: 13890595722705004673

289 GameOver the Conjurer (level 6, -8/49 HPs)
             Began as a Naga Hedge Wizard on Dec 30, 2021.
             Was an Initiate of Kikubaaqudgha.
             Mangled by a gnoll (19 damage)
             ... on level 4 of the Dungeon.
             The game lasted 00:19:22 (2971 turns).

GameOver the Conjurer (Naga Hedge Wizard)           Turns: 2971, Time: 00:19:22

Health: -8/49      AC:  4    Str: 12    XL:     6   Next: 31%
Magic:  2/10       EV:  9    Int: 17    God:    Kikubaaqudgha [......]
Gold:   233        SH:  0    Dex: 10    Spells: 2/11 levels left

rFire    . . .     SeeInvis +   w - +2 dagger (elec)
rCold    . . .     Faith    +   (no shield)
rNeg     . . .     Spirit   .   b - +0 robe
rPois    +         Reflect  .   c - +0 hat
rElec    .         Harm     .   j - +0 cloak
rCorr    .         Rampage  .   (no gloves)
Will     +....                  (no barding)
Stlth    ++........             p - amulet of faith
HPRegen  0.16/turn              n - ring of willpower
MPRegen  0.12/turn              (no ring)

@: very slow
A: AC +2, large, see invisible, deformed body, poison resistance, slowness 2,
spit poison 1, naga tail 1
a: Spit Poison, Renounce Religion


You were on level 4 of the Dungeon.
You worshipped Kikubaaqudgha.
Kikubaaqudgha was noncommittal.
You visited 2 branches of the dungeon, and saw 6 of its levels.

You collected 233 gold pieces.

Inventory:

Hand Weapons
 r - a +1 hunting sling of flaming
 s - a +0 vorpal hand axe
 t - a +0 rapier
 w - a +2 dagger of electrocution (weapon)
 y - a +0 trident
Missiles
 e - 7 javelins
 i - 32 arrows
 q - a throwing net
Armour
 b - a +0 robe (worn)
 c - a +0 hat (worn)
 j - a +0 cloak (worn)
Jewellery
 n - a ring of willpower (left hand)
 p - an amulet of faith (around neck)
Wands
 u - a wand of charming (2)
 v - a wand of flame (18)
 B - a wand of acid (10)
Scrolls
 g - a scroll of vulnerability {unknown}
 h - 2 scrolls of identify {unknown}
 l - a scroll of brand weapon {unknown}
 o - 2 scrolls of enchant armour {unknown}
 x - a scroll of amnesia {unknown}
 A - a scroll of magic mapping {unknown}
Potions
 a - 2 potions of ambrosia {unknown}
 d - a potion of haste {unknown}
 f - a potion of lignification
 k - a potion of attraction {unknown}
 m - a potion of flight {unknown}
 z - a potion of resistance {unknown}


   Skills:
 - Level 1.5 Dodging
 - Level 3.0 Stealth
 - Level 3.0 Spellcasting
 * Level 5.3 Conjurations
 - Level 1.0 Summonings
 - Level 1.0 Translocations
 + Level 3.7 Poison Magic


You had 2 spell levels left.
You knew the following spells:

 Your Spells              Type           Power      Damage    Failure   Level
a - Magic Dart            Conj           80%        1d7       1%          1
b - Blink                 Tloc           N/A        N/A       17%         2
d - Mephitic Cloud        Conj/Pois/Air  12%        N/A       16%         3
t - Teleport Other        Tloc           5%         N/A       34%         3

Your spell library contained the following spells:

 Spells                   Type           Power      Damage    Failure   Level
 Summon Small Mammal      Summ           20%        N/A       12%         1
 Call Imp                 Summ           5%         N/A       17%         2
 Slow                     Hex            2%         N/A       26%         2
 Conjure Flame            Conj/Fire      11%        6-21      17%         3
 Call Canine Familiar     Summ           5%         N/A       34%         3
 Gell's Gravitas          Tloc           2%         N/A       34%         3
 Summon Guardian Golem    Hex/Summ       4%         N/A       38%         3
 Dispersal                Tloc           2%         N/A       100%        6


Dungeon Overview and Level Annotations

Branches:
Dungeon (5/15)             Temple (1/1) D:4

Altars:
Cheibriados
Dithmenos
Elyvilon
Kikubaaqudgha
Nemelex Xobeh
Qazlal
Sif Muna
Uskayaw
Wu Jian
Xom
Yredelemnul
Zin
The Shining One


Innate Abilities, Weirdness & Mutations

Your serpentine skin is tough. (AC +2)
You have supernaturally acute eyesight. (SInv)
Armour fits poorly on your strangely shaped body.
Your system is resistant to poisons. (rPois)
You cover ground very slowly.
You can spit poison.
You have a snake-like lower body.


Message History

The gnoll shouts!
You hit the gnoll.
The gnoll is severely wounded.
The gnoll hits you with a +0 whip.
You barely miss the gnoll.
The gnoll is severely wounded.
The gnoll barely misses you. The gnoll hits you with a +0 whip.
A gnoll comes into view. It is wielding a +0 halberd.
The gnoll hits you from afar with a +1 spear of distortion!
You blink.
Unknown command.
Okay, then.
Okay, then.
Aiming: Charm
Press: ? - help, Shift-Dir - straight line, f - gnoll, p - gnoll
Aim: a gnoll, wielding a +0 halberd (wandering, hasn't noticed you, chance to affect: 54%)
Okay, then.
The gnoll shouts!
The gnoll closely misses you.
The gnoll hits you from afar with a +0 halberd!
Casting: Magic Dart (safe; 1% risk of failure)
Confirm with . or Enter, or press ? or * to list all spells.
Aiming: Mephitic Cloud (dangerous; 16% risk of failure)
Press: ? - help, Shift-Dir - straight line, f/p - gnoll
Aim: a gnoll, wielding a +0 whip (severely wounded, chance to affect: 91%)
The ball explodes into a vile cloud!
The stinking cloud engulfs the gnoll but does no damage.
The gnoll is severely wounded.
The stinking cloud engulfs the gnoll but does no damage.
The stinking cloud engulfs you but does no damage.
The stinking cloud engulfs the gnoll but does no damage.
The gnoll is engulfed in noxious fumes.
The gnoll appears confused.
The gnoll hits you from afar with a +0 halberd!
* * * LOW HITPOINT WARNING * * *
The gnoll is engulfed in noxious fumes.
The gnoll appears confused.
The gnoll is engulfed in noxious fumes.
The gnoll appears confused.
The gnoll barely misses you.
The gnoll is engulfed in noxious fumes.
The gnoll hits you but does no damage. Space warps horribly around you!!
You die...
Kikubaaqudgha rasps: "You have failed me!
Welcome... death!"

....#...#...#..#.......#.##≈..≈≈
.......###....##.........#.≈≈≈≈≈≈
......#.#.#.....)......... ≈≈♣♣♣≈
........#....#......?.....
........#....##g..........
..##...........○gg..#..###
##.......####.##○####..#
.....##.## #.g..# ... ....###..#
##..@# #. #...###.## #......#
###..#...# #.....#..#.#
....#..######...### ...# ≈≈≈
...........##..######... ..≈
....###.....#..#.#......#... ≈≈≈
#....##.#.#..........##.#..≈≈♣ ♣≈
##......####.........##.....≈♣ ♣≈
#......####............#...≈♣♣♣≈


You could see 4 gnolls.

Vanquished Creatures
  An ogre (D:4)
  An orc priest (D:4)
  An iguana (D:4)
  3 adders
  An adder skeleton (D:4)
  A worm (D:2)
  2 dart slugs
  11 orcs
  5 ball pythons
  10 endoplasms
  4 giant cockroaches
  10 goblins
  6 hobgoblins
  8 jackals
  6 quokkas
  6 bats
  6 frilled lizards (D:1)
  6 kobolds
  5 rats
93 creatures vanquished.

Vanquished Creatures (others)
  4 toadstools (D:1)
4 creatures vanquished.

Grand Total: 97 creatures vanquished

Notes
Turn   | Place    | Note
-------+----------+-------------------------------------------
     0 | D:1      | GameOver the Naga Hedge Wizard began the quest for the Orb.
     0 | D:1      | Reached XP level 1. HP: 15/15 MP: 4/4
   172 | D:1      | Reached skill level 2 in Conjurations
   172 | D:1      | Reached XP level 2. HP: 22/22 MP: 6/6
   261 | D:1      | Found a faded altar of an unknown god.
   395 | D:1      | Reached XP level 3. HP: 28/28 MP: 4/7
   398 | D:1      | Learned a level 2 spell: Blink
   402 | D:1      | Learned a level 3 spell: Mephitic Cloud
   568 | D:1      | Reached skill level 3 in Conjurations
  1157 | D:2      | Reached skill level 1 in Poison Magic
  1314 | D:2      | Reached XP level 4. HP: 26/36 MP: 3/8
  1630 | D:3      | Learned a level 3 spell: Teleport Other
  1662 | D:3      | Reached skill level 4 in Conjurations
  1906 | D:3      | Reached XP level 5. HP: 42/42 MP: 5/9
  2277 | D:3      | You fall into a shaft and drop 2 floors!
  2277 | D:5      | Entered Level 5 of the Dungeon
  2433 | D:4      | Found a staircase to the Ecumenical Temple.
  2442 | Temple   | Entered the Ecumenical Temple
  2493 | Temple   | Became a worshipper of Kikubaaqudgha
  2774 | D:4      | Noticed an ogre
  2935 | D:4      | Killed an ogre
  2936 | D:4      | Reached skill level 5 in Conjurations
  2936 | D:4      | Reached XP level 6. HP: 41/49 MP: 2/10
  2971 | D:4      | Mangled by a gnoll

Illustrated notes

Levels and vault maps discovered:
D:1:      onia_arrival_mini_maze, layout_basic, basic_ecumenical_altar,
          minmay_gold_behind_fungi, minmay_lizard_pond
D:2:      layout_rooms, minmay_3d_cube
D:3:      layout_loops_ring
D:4:      layout_cave_pools, minmay_temple_entry_arrows,
          hangedman_decor_growths, roderic_serpentine_path, kennysheep_boxes
D:5:      minmay_thinvault, layout_basic, supply_closet_lemuel
Temple:   eino_temple_water

Skill      XL: |  1  2  3  4  5 |
---------------+----------------+-----
Conjurations   | 2 3 4 5 |  5.3
Poison Magic   | 1 2 3 |  3.7
Dodging        | |  1.5
Stealth        | |  3.0
Spellcasting   | |  3.0
Summonings     | |  1.0
Translocations | |  1.0

Action                   |  1- 3 |  4- 6 || total
-------------------------+-------+-------++-------
Melee: Dagger            |    14 |    46 ||    60
 Cast: Magic Dart        |    65 |    58 ||   123
       Mephitic Cloud    |       |     4 ||     4
 Abil: Spit Poison       |    32 |    38 ||    70
  Use: Potion            |       |     1 ||     1
 Stab: Sleeping          |     1 |       ||     1
Armor: Robe              |     1 |    17 ||    18
       Skin              |       |     2 ||     2
Dodge: Dodged            |    17 |    17 ||    34
